 Dungeon Crawl Stone Soup version 0.28-a0-382-g33c4956463 (webtiles) character file.

Game seed: 15772628769372873477

16 GordonOverkill the Grave Robber (level 2, 0/12 HPs)
             Began as a Felid Necromancer on Sept 2, 2021.
             Constricted to death by a ball python (1 damage)
             ... on level 1 of the Dungeon.
             The game lasted 00:01:49 (1242 turns).

GordonOverkill the Grave Robber (Felid Necromancer) Turns: 1242, Time: 00:01:49

Health: 0/12       AC:  1    Str:  4    XL:     2   Next: 37%
Magic:  6/6        EV: 14    Int: 16    God:
Gold:   20         SH:  0    Dex: 16    Spells: 4/5 levels left
                                        Lives:  0   Deaths: 0

rFire   + . .      SeeInvis +   (weapon unavailable)
rCold   . . .      Faith    .   (shield unavailable)
rNeg    . . .      Spirit   .   (armour unavailable)
rPois   .          Reflect  .   (helmet unavailable)
rElec   .          Harm     .   (cloak unavailable)
rCorr   .          Rampage  .   (gloves unavailable)
Will    .....                   (boots unavailable)
Stlth   ++........              (no amulet)
HPRegen 0.04/turn               a - ring of protection from fire
MPRegen 0.10/turn               (no ring)

@: constricted, quick
A: very small, claws 1, fangs 3, see invisible, speed 1, shaggy fur 1, stealthy
paws, no weapons or thrown items, no armour, multi-lived
a: no special abilities


You were on level 1 of the Dungeon.
You visited 1 branch of the dungeon, and saw 2 of its levels.

You collected 20 gold pieces.

Inventory:

Jewellery
 a - a ring of protection from fire (left paw)


   Skills:
 + Level 1.3 Fighting
 - Level 2.6 Dodging
 - Level 2.6 Stealth
 + Level 2.4 Spellcasting
 - Level 4.0 Necromancy


You had 4 spell levels left.
You knew the following spells:

 Your Spells              Type           Power      Damage    Failure   Level
a - Pain                  Necr           56%        1d6       3%          1

Your spell library contained the following spells:

 Spells                   Type           Power      Damage    Failure   Level
 Animate Skeleton         Necr           28%        N/A       3%          1
 Vampiric Draining        Necr           7%         2d7       12%         3
 Animate Dead             Necr           7%         N/A       36%         4
 Agony                    Necr           14%        N/A       71%         5


Dungeon Overview and Level Annotations

Branches:
Dungeon (2/15)

Altars:
Xom

Shops:
D:2 (


Innate Abilities, Weirdness & Mutations

You have sharp claws.
You have razor-sharp teeth.
You have supernaturally acute eyesight. (SInv)
You cover ground quickly. (Speed+)
You are covered in fur. (AC +1)
Your paws help you pounce on unaware monsters.
You are incapable of wielding weapons or throwing items.
You cannot wear armour.
You gain extra lives every three experience levels.


Message History

You kill the rat!
Casting: Pain (safe; 3% risk of failure)
Confirm with . or Enter, or press ? or * to list all spells.
You can't see any susceptible monsters within range! (Use Z to cast anyway.)
Casting: Pain (safe; 3% risk of failure)
Confirm with . or Enter, or press ? or * to list all spells.
You can't see any susceptible monsters within range! (Use Z to cast anyway.)
You start resting.
A ball python comes into view.
A ball python is nearby!
You see here 18 stones.
A ball python is nearby!
A ball python is nearby!
The ball python hisses angrily.
You open the door.
There is an open door here. 2 gnolls come into view.
The gnoll shouts! x2; You hear a bark!
You close the door.
A gnoll comes into view. It is wielding a +0 flail.
Found Zoseuk's Antique Weapon Emporium.
Found a stone staircase leading down.
Found a shimmering altar of Xom.
The ball python bites you.
* * * LOW HITPOINT WARNING * * *
The ball python misses you.
There is a stone staircase leading up here.
The ball python completely misses you. The ball python misses you.
You climb upwards.
The jackal barely misses you. The jackal misses you.
The jackal bites you but does no damage.
The jackal misses you. The jackal bites you.
* * * LOW HITPOINT WARNING * * *
There is a stone staircase leading down here.
The jackal closely misses you. The ball python misses you. x2
The jackal barely misses you. x2
The jackal bites you but does no damage.
The jackal misses you. The ball python closely misses you.
The ball python grabs you. The ball python constricts you.
You die...

#.#.....## #.##.. #.#......# .#
#.##.# #.#......# #.# #.##.# #.#
#....# ##>## #..... #.#.##...#
#...# ####.# #.# .....# #...#
#..... ####.#####..### #...#
#.#...
....<.........#####...######.#...
####.#####..#.#.@h........##.#...
.⌠#.#⌠.....#...hSh.......)......
##.#.#.##...###..>........##.....
.#.#.#.#....# #####...########...
...#.#......# #...# #...
...#.#......# #...# #..#
...#.#.....## #...# #..h
..........#.# ##.## #.##
.........#..# #.# #.##


You could see 3 jackals and a ball python.

Vanquished Creatures
  A ball python (D:1)
  An endoplasm (D:1)
  2 goblins (D:1)
  2 hobgoblins (D:1)
  A jackal (D:1)
  A kobold (D:2)
  2 quokkas
  2 bats (D:1)
  A rat (D:2)
13 creatures vanquished.

Notes
Turn   | Place    | Note
-------+----------+-------------------------------------------
     0 | D:1      | GordonOverkill the Felid Necromancer began the quest for
                  | the Orb.
     0 | D:1      | Reached XP level 1. HP: 7/7 MP: 4/4
   606 | D:1      | Reached skill level 1 in Fighting
   648 | D:1      | Reached XP level 2. HP: 3/12 MP: 1/6
  1224 | D:2      | Found Zoseuk's Antique Weapon Emporium.
  1232 | D:2      | Found a shimmering altar of Xom.
  1242 | D:1      | Constricted to death by a ball python

Illustrated notes

Levels and vault maps discovered:
D:1:      matt_arrival_grand_opening, layout_loops_cross,
          shapermc_ecumenical_altar_pompeii
D:2:      layout_basic, serial_shops, shop_fountains, shop, shop, shop, shop,
          basic_altar

Skill      XL: |  1 |
---------------+----+-----
Fighting       | 1 |  1.3
Dodging        | |  2.6
Stealth        | |  2.6
Spellcasting   | |  2.4
Necromancy     | |  4.0

Action                   || total
-------------------------++-------
 Cast: Pain              ||    27
Armor: Skin              ||     3
Dodge: Dodged            ||    23

Table legend: (Time is in decaauts)
 A = Elapsed time spent in this place.
 B = Non-inter-level travel time spent in this place.
 C = Inter-level travel time spent in this place.
 D = Time resting spent in this place.
 E = Time spent auto-exploring this place.
 F = Levels seen in this place.
 G = Mean time per level.
                   A        B        C        D        E       F      G
               +--------+--------+--------+--------+--------+-----+--------+
         Total |   1170 |   1170 |      0 |    840 |     71 |   2 |  585.0 |
       Dungeon |   1170 |   1170 |      0 |    840 |     71 |   2 |  585.0 |
               +--------+--------+--------+--------+--------+-----+--------+

Top non-repeatable levels by time:
     D:1: 1033 daAuts
     D:2: 137 daAuts
